 Dungeon Crawl Stone Soup version 0.29-a0-824-gd827844252 (webtiles) character file.

Game seed: 4759879450638559485

107 gobodom the Insei (level 4, -4/32 HPs)
             Began as a Demonspawn Transmuter on July 10, 2022.
             Killed by nerve-wracking pain
             ... invoked by Grinder
              (12 damage)
             ... on level 3 of the Dungeon on July 11, 2022.
             The game lasted 00:06:54 (2305 turns).

gobodom the Insei (Demonspawn Transmuter)           Turns: 2305, Time: 00:06:55

Health: -4/32      AC:  4    Str: 10    XL:     4   Next: 56%
Magic:  6/8        EV: 12    Int: 22    God:
Gold:   91         SH:  0    Dex: 14    Spells: 5/8 levels left

rFire   . . .      SeeInvis .     - Unarmed
rCold   . . .      Faith    .   (no shield)
rNeg    . . .      Spirit   .   a - +0 robe
rPois   .          Reflect  .   (helmet currently unavailable)
rElec   .          Harm     .   e - +0 cloak
rCorr   .          Rampage  .   (no gloves)
Will    .....                   (boots currently unavailable)
Stlth   +.........              (no amulet)
HPRegen 0.10/turn               k - +6 ring of intelligence
MPRegen 0.11/turn               (no ring)

@: appendages (expiring), wereblooded
A: horns 2, talons 2, sharp scales 1, demonic magic 1, weakness stinger 1
a: End Transformation


You were on level 3 of the Dungeon.
You had temporarily grown beastly horns and talons.
You visited 1 branch of the dungeon, and saw 3 of its levels.

You collected 91 gold pieces.

Inventory:

Missiles
 g - 8 atropa-tipped darts
 j - 3 boomerangs
 m - 15 poisoned darts
Armour
 a - a +0 robe (worn)
 e - a +0 cloak (worn)
Magical Staves
 f - a staff of conjuration
Jewellery
 k - a +6 ring of intelligence (left hand)
 o - an amulet of faith
Scrolls
 c - a scroll of fog {unknown}
 d - a scroll of torment {unknown}
 h - 2 scrolls of identify {unknown}
 l - a scroll of magic mapping {unknown}
 n - a scroll of teleportation {unknown}
 q - a scroll of fear {unknown}
Potions
 b - a potion of lignification
 i - a potion of curing {unknown}
 p - a potion of heal wounds {unknown}
 r - a potion of degeneration {unknown}


   Skills:
 + Level 1.1 Fighting
 + Level 2.2 Dodging
 + Level 0.3 Stealth
 + Level 3.5 Unarmed Combat
 + Level 2.8 Spellcasting
 + Level 2.5 Transmutations


You had 5 spell levels left.
You knew the following spells:

 Your Spells              Type           Power      Damage    Failure   Level
a - Beastly Appendage     Tmut           28%        N/A       4%          1
b - Wereblood             Tmut           14%        N/A       7%          2

Your spell library contained the following spells:

 Spells                   Type           Power      Damage    Failure   Level
 Necrotise                Necr           12%        1d4       13%         1
 Spider Form              Tmut/Pois      8%         N/A       22%         3
 Vampiric Draining        Necr           3%         2d6       36%         3
 Ice Form                 Ice/Tmut       8%         N/A       58%         4
 Agony                    Necr           3%         N/A       98%         5


Dungeon Overview and Level Annotations

Branches:
Dungeon (3/15)

Altars:

Annotations:
D:3 Grinder


Innate Abilities, Weirdness & Mutations

You have temporarily grown beastly horns and talons.
You are partially covered in razor-sharp scales. (AC +1, Slay +1)
Spells you cast may paralyse adjacent enemies.
You have a small tail.


Message History

Confirm with . or Enter, or press ? or * to list all spells.
You grow a pair of large bovine horns.
Your feet morph into talons.
Malevolent energies surge around you.
The helpless rat fails to defend itself.
You hit the rat but do no damage.
The rat is no longer paralysed.
The rat barely misses you.
The helpless worm fails to defend itself.
You hit the worm.
The worm is moderately wounded.
The rat barely misses you.
The helpless worm fails to defend itself.
You hit the worm. You claw the worm, but do no damage. You headbutt the worm!
The worm is severely wounded.
The rat misses you.
You hit the rat.
You feel a bit better.
You kill the rat!
The worm is no longer paralysed.
The worm bites you.
You punch the worm!
You feel a bit better.
You kill the worm!
You howl as the wereblood boils in your veins!
You hear a shout!
Grinder comes into view.
Grinder blinks!
You howl as the wereblood boils in your veins!
Grinder gestures at you. Pain shoots through your body!
Grinder gestures at you.
You suddenly lose the ability to move!
Grinder gestures at you.
You shrug off the repeated paralysis!
Your transformation is almost over.
Grinder gestures at you. Pain shoots through your body!
* * * LOW HITPOINT WARNING * * *
You can move again.
You hit Grinder. Your headbutt misses Grinder.
Grinder is lightly wounded.
Grinder gestures at you. Pain shoots through your body!
You die...

#..#.##. .. #.......
#. ###.#.### #.
#....#.## ###.####
#.#.###.# ......# #..#
##. ##.##.## #.## ##
#..5..†#####..## ##. #
#@#.†......#.###.#
#.#.#.....#######.#.#.
#........## ##.##.
###.####.# ####. #.
[.# #. # #### #. #.
#### #...


You could see Grinder.

Vanquished Creatures
  An orc priest (D:3)
  An adder (D:2)
  2 worms
  2 dart slugs
  2 orcs (D:3)
  5 endoplasms
  7 giant cockroaches
  5 hobgoblins
  3 jackals (D:1)
  9 ball pythons
  4 bats
  3 goblins
  8 kobolds
  3 rats
55 creatures vanquished.

Notes
Turn   | Place    | Note
-------+----------+-------------------------------------------
     0 | D:1      | gobodom the Demonspawn Transmuter began the quest for the
                  | Orb.
     0 | D:1      | Reached XP level 1. HP: 15/15 MP: 3/3
    52 | D:1      | Gained mutation: You are partially covered in razor-sharp
                  | scales. (AC +1, Slay +1) [demonic ancestry]
    52 | D:1      | Reached XP level 2. HP: 9/21 MP: 5/5
   408 | D:1      | Found a faded altar of an unknown god.
   449 | D:1      | Reached skill level 3 in Unarmed Combat
   829 | D:1      | Gained mutation: Spells you cast may paralyse adjacent
                  | enemies. [demonic ancestry]
   829 | D:1      | Reached XP level 3. HP: 21/26 MP: 4/6
  1296 | D:2      | Learned a level 2 spell: Wereblood
  2130 | D:3      | Gained mutation: You have a small tail. [demonic ancestry]
  2130 | D:3      | Reached XP level 4. HP: 26/32 MP: 5/7
  2295 | D:3      | Noticed Grinder
  2300 | D:3      | Paralysed by Grinder for 5 turns
  2305 | D:3      | Killed from afar by Grinder

Illustrated notes

Levels and vault maps discovered:
D:1:      lightli_arrival_boilingwater, layout_rooms,
          hellmonk_ecumenical_altar_prayer_group
D:2:      layout_rooms
D:3:      layout_loops_cross, dreamdust_wishing_well, uniq_sigmund,
          uniq_natasha, uniq_grinder

Skill      XL: |  1  2 |
---------------+-------+-----
Transmutations | 2 |  2.5
Dodging        | 2 |  2.2
Unarmed Combat | 3 |  3.5
Fighting       | |  1.1
Stealth        | |  0.3
Spellcasting   | |  2.8

Action                   |  1- 3 |  4- 6 || total
-------------------------+-------+-------++-------
Melee: Unarmed           |   124 |    15 ||   139
       Kick              |    19 |     5 ||    24
       Headbutt          |    10 |     1 ||    11
       Tailslap          |       |     2 ||     2
 Cast: Beastly Appendage |    27 |     3 ||    30
       Wereblood         |     1 |     2 ||     3
 Stab: Paralysed         |     1 |     5 ||     6
       Sleeping          |     1 |       ||     1
Armor: Robe              |    43 |     3 ||    46
Dodge: Dodged            |   102 |     6 ||   108

Table legend: (Time is in decaauts)
 A = Elapsed time spent in this place.
 B = Non-inter-level travel time spent in this place.
 C = Inter-level travel time spent in this place.
 D = Time resting spent in this place.
 E = Time spent auto-exploring this place.
 F = Levels seen in this place.
 G = Mean time per level.
                   A        B        C        D        E       F      G
               +--------+--------+--------+--------+--------+-----+--------+
         Total |   2302 |   2228 |     74 |      0 |   1802 |   3 |  767.3 |
       Dungeon |   2302 |   2228 |     74 |      0 |   1802 |   3 |  767.3 |
               +--------+--------+--------+--------+--------+-----+--------+

Top non-repeatable levels by time:
     D:1: 990 daAuts
     D:2: 959 daAuts
     D:3: 351 daAuts
